Cogmind - Beta 11.1 @@@ ROGUE MODE // 2022.04.23 @ 17:09:28 Player: 3.14 Result: Self-destructed Performance ------------- Evolutions (2) 1000 Regions Visited (5) 1000 Robots Destroyed (11) 55 Value Destroyed (197) 197 Prototype IDs (25) 500 Alien Tech Used (0) 0 Bonus (300) 300 TOTAL SCORE: 3052 Bonus ------- Aligned with FarCom 300 Cogmind --------- Core Integrity 543/550 Matter 268/300 Energy 125/125 System Corruption 0% Temperature Cool (0) Movement Walking (190) Ox1 Location -8/Materials Parts ------- > --- POWER (1) -------- Light Ion Engine > --- PROPULSION (4) --- Aluminum Leg Aluminum Leg Aluminum Leg > --- UTILITY (4) ------ Improved Heat Sink Large Storage Unit > --- WEAPON (2) ------- Particle Gun Rocket Launcher > --- INVENTORY (15) --- Ion Engine Light Treads Light Treads High-capacity Matter Pod (200) High-capacity Matter Pod (200) Small Laser Particle Gun Light Assault Rifle Light Assault Rifle Light Assault Rifle Light Assault Rifle Grenade Launcher Grenade Launcher Field Lobotomy Kit (5) Mining Laser Peak State ------------ > --- POWER ------------ Light Ion Engine > --- PROPULSION ------- Aluminum Leg Aluminum Leg Aluminum Leg > --- UTILITY ---------- Improved Heat Sink Large Storage Unit > --- WEAPON ----------- Particle Gun Particle Gun > --- INVENTORY -------- Ion Engine Light Treads Light Treads High-capacity Matter Pod High-capacity Matter Pod Small Laser Light Assault Rifle Light Assault Rifle Light Assault Rifle Light Assault Rifle Grenade Launcher Grenade Launcher Rocket Launcher Field Lobotomy Kit Mining Laser [Rating: 14] Favorites ----------- Power Light Ion Engine Engine Light Ion Engine Propulsion Aluminum Leg Leg Aluminum Leg Utility Large Storage Unit Device Improved Heat Sink Storage Large Storage Unit Weapon Small Laser Energy Gun Small Laser Ballistic Gun Light Assault Rifle Launcher Rocket Launcher Build | -11 -10 -10 -10 -9 -8 ------- Run | Scr Mat Min Exi Min Mat Slots Evolved 4 | . . . . . 4 Power . | . . . . . . Propulsion 2 | . . . . . 2 Utility 2 | . . . . . 2 Weapon . | . . . . . . Parts Attached 8 | . 1 . . 4 3 Power 1 | . . . . 1 . Engine 1 | . . . . 1 . Core . | . . . . . . Reactor . | . . . . . . Propulsion 2 | . . . . 1 1 Treads . | . . . . . . Leg 2 | . . . . 1 1 Wheel . | . . . . . . Hover . | . . . . . . Flight . | . . . . . . Utility 2 | . 1 . . 1 . Device 1 | . . . . 1 . Storage 1 | . 1 . . . . Processor . | . . . . . . Hackware . | . . . . . . Protection . | . . . . . . Artifact . | . . . . . . Weapon 3 | . . . . 1 2 Energy Gun 2 | . . . . 1 1 Energy Cannon . | . . . . . . Ballistic Gun . | . . . . . . Ballistic Cannon . | . . . . . . Launcher 1 | . . . . . 1 Special Weapon . | . . . . . . Impact Weapon . | . . . . . . Slashing Weapon . | . . . . . . Piercing Weapon . | . . . . . . Special Melee Weapon . | . . . . . . Unidentified Prototypes . | . . . . . . Parts Lost 1 | . . . . 1 . Power 1 | . . . . 1 . Propulsion . | . . . . . . Utility . | . . . . . . Weapon . | . . . . . . Highest Loss Streak 1 | . . . . 1 . To Critical Strikes . | . . . . . . Average Slot Usage (%) 85 | . 90 85 85 95 65 Engine 13 | . 14 14 14 13 9 Leg 27 | . 28 28 28 28 20 Device 2 | . . . . 10 9 Storage 14 | . 19 14 14 14 9 Energy Gun 15 | . 14 14 14 24 17 Ballistic Gun 11 | . 14 14 14 3 . Naked Turns . | . . . . . . Heaviest Build 31 | 10 30 25 25 28 31 Greatest Support 30 | 20 20 20 20 20 30 Greatest Overweight (x) 1 | . 1 1 1 1 1 Average Overweight (x) . | . . 1 1 1 . Largest Inventory Capacity 15 | . 15 15 15 15 15 Average Capacity 14 | . 13 15 15 15 15 Most Carried 15 | . 10 11 14 15 15 Average Carried 11 | . 7 10 12 14 15 Final Capacity 15 | 8 15 15 15 15 15 Final Carried 15 | 6 10 11 14 15 15 Class Distribution -------------------- 100% | Mutant Dominant Class ---------------- Mutant | -10/Materials Mutant | -10/Mines Mutant | -10/Exiles Mutant | -9/Mines Mutant | -8/Materials Resources | -11 -10 -10 -10 -9 -8 ----------- Run | Scr Mat Min Exi Min Mat Matter Collected 286 | 200 16 4 . 46 20 Remotely . | . . . . . . Salvage Created 301 | . 40 46 . 102 113 Parts 25 | . 7 8 . 5 5 Haulers Intercepted 1 | . . . . . 1 Recyclers Shooed . | . . . . . . Parts Field Recycled . | . . . . . . Retrieved Matter . | . . . . . . Parts Self-Destructed . | . . . . . . Prevented . | . . . . . . Kills | -11 -10 -10 -10 -9 -8 ------- Run | Scr Mat Min Exi Min Mat Combat Hostiles Destroyed 9 | . 3 3 . 2 1 Guns 9 | . 3 3 . 2 1 Classes Destroyed 4 | . 1 . . 1 2 Tunneler 1 | . . . . . 1 Hauler 1 | . . . . . 1 Swarmer 6 | . 3 3 . . . Grunt 3 | . . . . 2 1 Best Kill Streak 3 | . 3 3 . 2 2 Combat Bots Only 3 | . 3 3 . 2 1 Max Kills in Single Turn 1 | . 1 1 . 1 1 Gunslinging . | . . . . . . Exploded . | . . . . . . Melee . | . . . . . . Uniques/NPCs Destroyed . | . . . . . . Combat | -11 -10 -10 -10 -9 -8 -------- Run | Scr Mat Min Exi Min Mat Damage Taken 434 | . 51 55 . 177 151 Core 45 | . 8 8 . 22 7 Absorbed by Shields . | . . . . . . Regen/Repaired (Parts) 19 | . 19 . . . . Core Remaining (%) 92 | 100 . . . 84 . Volleys Fired 27 | . 6 4 . 8 9 Largest 2 | . 2 2 . 2 2 Hottest 105 | . 60 60 . 60 105 Shots Fired 52 | . 12 8 . 16 16 Gun 50 | . 12 8 . 16 14 Cannon . | . . . . . . Launcher 2 | . . . . . 2 Special . | . . . . . . Kinetic 18 | . 6 4 . 8 . Thermal 32 | . 6 4 . 8 14 Explosive 2 | . . . . . 2 Electromagnetic . | . . . . . . Robot Hit Streak 10 | . 1 7 . 10 8 Robot Miss Streak 3 | . 3 1 . 3 1 Penetration Max . | . . . . . . Secondary Targets . | . . . . . . Shots Hit Robots 31 | . 4 7 . 10 10 Core Hits 21 | . 3 4 . 6 8 Critical Kills . | . . . . . . Critical Parts Destroyed . | . . . . . . Critical Strikes . | . . . . . . Melee Attacks . | . . . . . . Impact . | . . . . . . Slashing . | . . . . . . Piercing . | . . . . . . Sneak Attacks . | . . . . . . Combat Hostiles . | . . . . . . Follow-up Attacks . | . . . . . . Damage Inflicted 495 | . 45 71 . 100 279 Guns 347 | . 45 71 . 100 131 Cannons . | . . . . . . Explosions 144 | . . . . . 144 Melee . | . . . . . . Ramming 4 | . . . . . 4 Kinetic 76 | . 10 21 . 45 . Thermal 271 | . 35 50 . 55 131 Explosive 144 | . . . . . 144 Electromagnetic . | . . . . . . Impact . | . . . . . . Slashing . | . . . . . . Piercing . | . . . . . . Highest Corruption . | . . . . . . Average Corruption . | . . . . . . Corruption Purged . | . . . . . . Corruption Blocked . | . . . . . . Overload Shots . | . . . . . . Overflow Damage . | . . . . . . Projectiles . | . . . . . . Explosions . | . . . . . . Melee . | . . . . . . Knockbacks . | . . . . . . Impact . | . . . . . . Kinetic . | . . . . . . Secondary . | . . . . . . Self-Inflicted Damage . | . . . . . . Shots . | . . . . . . Rammed . | . . . . . . Targets Rammed 1 | . . . . . 1 Kicked 1 | . . . . . 1 Crushed . | . . . . . . Highest Temperature 111 | . 40 20 . 111 4 Average Temperature 36 | . 19 15 . 58 4 Received Heat Transfer 150 | . . . . 96 54 Siege Activations . | . . . . . . Robots Corrupted . | . . . . . . Combat Hostiles . | . . . . . . Parts Fried . | . . . . . . Impact Corruptions . | . . . . . . Robots Melted . | . . . . . . Combat Hostiles . | . . . . . . Parts Melted . | . . . . . . Heat Transferred 610 | . 75 100 . 125 310 Parts Sabotaged . | . . . . . . Parts Stolen . | . . . . . . Parts Stripped . | . . . . . . Power Chain Reactions . | . . . . . . Missiles Intercepted . | . . . . . . Alert | -11 -10 -10 -10 -9 -8 ------- Run | Scr Mat Min Exi Min Mat Peak Influence 154 | . 154 145 . 50 66 Initial 60 | . . 60 . . 19 Average 76 | . 95 133 . 45 36 Maximum Alert Level . | . . . . . . Low Security (%) 100 | . 100 100 . 100 100 Level 1 . | . . . . . . Level 2 . | . . . . . . Level 3 . | . . . . . . Level 4 . | . . . . . . Level 5 . | . . . . . . High Security . | . . . . . . Max Security . | . . . . . . Squads Dispatched . | . . . . . . Investigation . | . . . . . . Extermination . | . . . . . . Reinforcement . | . . . . . . Assault . | . . . . . . Garrison . | . . . . . . Intercept . | . . . . . . Searches Triggered . | . . . . . . Construction Impeded . | . . . . . . Haulers Reinforced . | . . . . . . Active Scanning Responses . | . . . . . . Cargo Convoy Interrupts . | . . . . . . Stealth | -11 -10 -10 -10 -9 -8 --------- Run | Scr Mat Min Exi Min Mat Distress Signals 1 | . . . . . 1 Communications Jammed . | . . . . . . Distress Signals . | . . . . . . Times Spotted 18 | . 9 3 . 2 4 Peak Tracking Total 5 | . 4 2 . 2 5 Tactical Retreats 1 | . 1 . . . . Traps | -11 -10 -10 -10 -9 -8 ------- Run | Scr Mat Min Exi Min Mat Traps Triggered . | . . . . . . Indirectly . | . . . . . . Trap Hack Attempts . | . . . . . . Triggered . | . . . . . . Disarmed . | . . . . . . Reprogrammed . | . . . . . . Reused . | . . . . . . Traps Extracted . | . . . . . . Installed . | . . . . . . Triggered . | . . . . . . Machines | -11 -10 -10 -10 -9 -8 ---------- Run | Scr Mat Min Exi Min Mat Machines Disabled . | . . . . . . Max in Single Turn . | . . . . . . Machines Sabotaged . | . . . . . . Garrisons Compromised . | . . . . . . Overloaded Fab Kills . | . . . . . . Hacking | -11 -10 -10 -10 -9 -8 --------- Run | Scr Mat Min Exi Min Mat Machines Accessed 6 | . 4 . 2 . . Terminals 3 | . 3 . . . . Fabricators . | . . . . . . Repair Stations 1 | . 1 . . . . Recycling Units . | . . . . . . Scanalyzers . | . . . . . . Garrison Access . | . . . . . . Total Hacks 19 | . 17 . 2 . . Successful 10 | . 8 . 2 . . Failed 9 | . 9 . . . . Catastrophic . | . . . . . . Database Lockouts . | . . . . . . Manual 14 | . 13 . 1 . . Terminals 15 | . 15 . . . . Fabricators . | . . . . . . Repair Stations 2 | . 2 . . . . Recycling Units . | . . . . . . Scanalyzers . | . . . . . . Garrison Access . | . . . . . . Terminal Hacks 6 | . 4 . 2 . . Record 1 | . . . 1 . . Part Schematic 2 | . 2 . . . . Robot Analysis 1 | . 1 . . . . Prototype ID Bank 1 | . 1 . . . . EX-Prototype ID Bank 1 | . . . 1 . . Fabricator Hacks . | . . . . . . Repair Station Hacks 2 | . 2 . . . . Scan Component 1 | . 1 . . . . Repair 1 | . 1 . . . . Recycling Unit Hacks . | . . . . . . Scanalyzer . | . . . . . . Garrison Access Hacks . | . . . . . . Unauthorized Hacks 2 | . 2 . . . . Terminals 2 | . 2 . . . . Botnet 2 | . 2 . . . . Fabricators . | . . . . . . Repair Stations . | . . . . . . Recycling Units . | . . . . . . Scanalyzers . | . . . . . . Garrison Access . | . . . . . . Data Cores Recovered . | . . . . . . Used . | . . . . . . Hacking Detections 4 | . 4 . . . . Full Trace Events . | . . . . . . Feedback Events . | . . . . . . Feedback Blocked . | . . . . . . Robot Schematics Acquired . | . . . . . . Robots Built . | . . . . . . Authchips . | . . . . . . Time . | . . . . . . Total Robot Build Rating . | . . . . . . Part Schematics Acquired 2 | . 2 . . . . Parts Built . | . . . . . . Authchips . | . . . . . . Time . | . . . . . . Total Part Build Rating . | . . . . . . Parts Repaired 1 | . 1 . . . . Time 26 | . 26 . . . . Parts Recycled . | . . . . . . Recycled Matter . | . . . . . . Retrieved Matter . | . . . . . . Retrieved Components . | . . . . . . Parts Scanalyzed . | . . . . . . Part Schematics Acquired . | . . . . . . Parts Damaged . | . . . . . . Bothacking | -11 -10 -10 -10 -9 -8 ------------ Run | Scr Mat Min Exi Min Mat Used RIF Installer . | . . . . . . Robots Hacked . | . . . . . . Non-combat . | . . . . . . Combat . | . . . . . . Robot Hacks Applied . | . . . . . . Relay Couplers Released . | . . . . . . Fabnet Peak Effective % . | . . . . . . Robots Rewired . | . . . . . . Allies Hacked . | . . . . . . Hacks Repelled . | . . . . . . Allies | -11 -10 -10 -10 -9 -8 -------- Run | Scr Mat Min Exi Min Mat Total Allies . | . . . . . . Largest Group . | . . . . . . Highest-Rated Group . | . . . . . . Highest-Rated Ally . | . . . . . . Total Orders . | . . . . . . Ally Attacks . | . . . . . . Total Damage . | . . . . . . Kills . | . . . . . . Allies Corrupted . | . . . . . . Allies Melted . | . . . . . . Intel | -11 -10 -10 -10 -9 -8 ------- Run | Scr Mat Min Exi Min Mat Robot Analysis Total 1 | . 1 . . . . Derelict Logs Recovered 1 | . . . . 1 . Drone Launches . | . . . . . . Drone Recoveries . | . . . . . . Exploration | -11 -10 -10 -10 -9 -8 ------------- Run | Scr Mat Min Exi Min Mat Turns Passed 1342 | . 353 51 659 158 121 Spaces Moved 657 | 1 177 21 346 66 46 Core . | . . . . . . Treads . | . . . . . . Legs 657 | 1 177 21 346 66 46 Wheels . | . . . . . . Hover . | . . . . . . Flight . | . . . . . . Fastest Speed 120 | 120 120 190 190 190 120 Average Speed 184 | 120 171 190 190 190 176 Slowest Speed 190 | 120 190 190 190 190 190 Overloaded Moves . | . . . . . . Propulsion Burnouts . | . . . . . . Robots Hopped . | . . . . . . Cave-ins Triggered . | . . . . . . Exploration Rate (%) 23 | 2 41 5 70 19 6 Regions Visited 5 Branch Regions 3 Pre-discovered Areas 1 | . . . 1 . . Known Exits Taken . | . . . . . . Unknown Exits Taken 5 | 1 1 1 1 1 . Scrap Searched . | . . . . . . Spaces Dug . | . . . . . . Terrain Destroyed . | . . . . . . Melee . | . . . . . . Projectile . | . . . . . . AOE . | . . . . . . Terrain Rammed . | . . . . . . Walls Destroyed . | . . . . . . Machines Disabled . | . . . . . . Actions | -11 -10 -10 -10 -9 -8 --------- Run | Scr Mat Min Exi Min Mat Total 742 | . 216 25 348 85 68 Wait 36 | . 27 . . 1 8 Move 652 | . 176 20 345 65 46 Hop . | . . . . . . Pick Up 13 | . 5 1 3 4 . Fast Attach 3 | . 1 . . 1 1 Attach 1 | . . . . 1 . Detach . | . . . . . . Swap 4 | . . . . 2 2 Drop 5 | . 1 . . 3 1 Fire 27 | . 6 4 . 8 9 Melee . | . . . . . . Ram . | . . . . . . Kick 1 | . . . . . 1 Crush . | . . . . . . Escape Stasis . | . . . . . . Rewire . | . . . . . . Trap . | . . . . . . Miscellaneous . | . . . . . . Route ------- -11/Scrapyard -10/Materials -10/Mines -10/Exiles (discovered 2 exits: [*Min x2]) -9/Mines -8/Materials History --------- Turn | Location | Event 1 | -11/Scrapyard | Discovered new exit (range 0) 1 | -11/Scrapyard | Entered Materials 114 | -10/Materials | Discovered new exit (range 11) 212 | -10/Materials | Repaired Lgt. Assault Rifle 300 | -10/Materials | Build established: Mutant 354 | -10/Materials | Entered Mines 395 | -10/Mines | Deemed a non-threat by the Exiles lab entrance 397 | -10/Mines | Discovered new exit (range 5) 405 | -10/Mines | Entered Exiles 434 | -10/Exiles | Discovered new exit (range 15) 457 | -10/Exiles | Met 8R-AWN 483 | -10/Exiles | Met EX-HEX 584 | -10/Exiles | Met EX-DEC 618 | -10/Exiles | Met EX-BIN 654 | -10/Exiles | Learned location of Zion (-6) 812 | -10/Exiles | Aligned with FarCom system 814 | -10/Exiles | Given EX-Vault access code 860 | -10/Exiles | Opened EX-Vault 875 | -10/Exiles | Found Field Lobotomy Kit 916 | -10/Exiles | Warned to stay clear of 0b10 Research branches 1041 | -10/Exiles | Discovered new exit (range 14) 1064 | -10/Exiles | Left Exiles lab with Field Lobotomy Kit 1064 | -10/Exiles | Entered Mines 1170 | -9/Mines | Received a Rocket Launcher from a helpful Derelict 1216 | -9/Mines | Learned Materials stockpile data 1216 | -9/Mines | Discovered new exit (range 3) 1222 | -9/Mines | Entered Materials 1222 | -8/Materials | Evolved 4 slots: Propulsion x2, Utility x2 1343 | -8/Materials | Self-destructed Last Messages --------------- 01170_ PJ-5SZ(g) slips back into the shadows. 01171_ Acquired Rocket Launcher. 01216_ Acquired derelict log, extracted data. Data stored: Materials stockpile data. 01216_ EXIT=FOUND PARAMETERS=PROPULSION+2,UTILITY+2 LOCATION=UNKNOWN GOAL=ESCAPE 01222_ Receiving FarCom transmissions... Loading Materials stockpile data (x5)... 01253_ Kicked W-25 Informer out of the way. 01280_ W-25 Informer sends out distress signal. 01310_ G-47 Trooper destroyed. 01317_ Acquired Aluminum Leg. 01324_ Dropped Sml. Laser. 01325_ Acquired 20 matter. 01338_ K-01 Serf collects debris. 01339_ T-07 Excavator destroyed. 01341_ A-02 Transporter destroyed. 01341_ K-01 Serf collects debris. Map ----- +----------------------------------------------------+ | ??????????????????????????????????????????????? | | ??????????????????????????????????????????????? | | ??????????????????????????????????????????????? | | ??????????????????????????????????????????????? | | ??????????????????????????????????????????????? | | ???????????????? ?????????????????????????????? | | ???????????????? #????????????????????????????? | | ??????????######+#????????????????????????????? | | ??????????# % #????????????????????????????? | | ??????????#!! #????????????????????????????? | | ??????????#! #????????????????????????????? | | ??????????#! #????????????h???????????????? | | ??????????# #????????????????????????????? | | ??????????# #????????????????????????????? | | ??????????# #????????????????????????????? | | ??????????# #????????????????????????????? | | ??????????# #????????????????"???????????? | | ??????????# #??????????????? "???????????? | | ??????????# #?????????????a/ ????????????? | | ??????????# #???????????? ####??????????? | | ??????????# [%#?###+###### k ??????????? | | ??????????######+### ?????????? | | ????????????# ??????????? | | ????????????# #?????????????? | | ????????????# !#?????????????? | | ????????????# @ #?????????????? | | ????????????######### #?????????????? | | ????????????????????# #?????????????? | | ????????????????????# !![ [ #?????????????? | | ????????????????????# !![ #?????????????? | | ????????????????????# ![[ #?????????????? | | ????????????????????# ] #?????????????? | | ????????????????????# ][] #?????????????? | | ????????????????????# =%[ #?????????????? | | ????????????????????# """! ????????????? | | ????????????????????# """ s ????????????? | | ????????????????????+ ""?! ????????????? | | ????????????????????# t ??? s??????????????? | | ????????????????????? ???? [s??????????????? | | ????????????????????? "?????????????????????? | | ????????????????????? ???????s??????????????? | | ??????????????????????????????????????????????? | | ??????????????????????????????????????????????? | | ??????????????????????????????????????????????? | | ??????????????????????????????????????????????? | | ??????????????????????????????????????????????? | | ??????????????????????????????????????????????? | | ??????????????????????????????????????????????? | | ??????????????????????????????????????????????? | | ??????????????????????????????????????????????? | +----------------------------------------------------+ Best States ------------- Heat Dissipation 45 Energy Generation 10 Energy Capacity 125 Matter Stores 300 Matter Capacity 300 Sight Range 16 Terrain Scan Density 10 Evasion (%) 55 Item Schematics ----------------- Hcp. Storage Unit | -10/Materials | Hacked Huge Storage Unit | -10/Materials | Hacked Robot Schematics ------------------ None Fabricated ------------ Nothing Alien Tech Used ----------------- None Achievements -------------- None Challenges ------------ None Game ------ Seed TrapLauncherRouter Manual? 0 Play Time 00:05:37 Cumulative 733.6 hours Start 2022.04.23 @ 17:04:50 End 2022.04.23 @ 17:09:28 Sessions 1 Manual Loads 0 Difficulty Rogue Special Mode None Game No. 1122 Rogue 1122 Adventurer 0 Explorer 0 Win Type - Total 70 Types 41/1/11/12/4/0/0/1/0 Lore% 91 Gallery% 90 Achievement% 83 Wizard Run 0 Options --------- ASCII 1 Keyboard 0 Movement Numpad Keybinds 0 Fullscreen 0 Font 14/SmallcapsGlow Map View 76x50 Tactical HUD 1 Map Filters NONE Filters NONE Steam 1 RUN: 7270f5ce-6c6e-4159-9a34-3f47c4c96003